cohdb
Replays
Latest Replays
All Replays
Popular Replays
Top Player Replays
Match Explorer
How It Works
Community
CoH3 Stats
Reddit
Sign in to upload your games and track your stats! →
Sign in with Steam
Match 45186634
Unlisted
Match 45186634
Overview
Messages
Build Orders
End
Construct Infanterie Kompanie
Kettenkrad Recon Vehicle
Selects Breakthrough Battlegroup
Selects Assault Grenadiers
Grenadier Squad
Selects Assault Grenadiers
Grenadier Squad
Sniper
Construct Luftwaffe Kompanie
Jäger Squad
Infanterie Officer Quarters
Selects Rapid Production
Selects 2.5-tonne Cargo Truck
Flak 30 Anti-aircraft Gun Team
Medical Station
Selects Blitzkrieg
Support Elements
Wirbelwind Flakpanzer
2.5-tonne Cargo Truck
2.5-tonne Cargo Truck
Selects Panzer IV Command Tank Sd.Kfz. 161/1
Panzer IV Command Tank
[TB] Pvt. Mike
TheGoodMoose
Vlavius
Alexem
0
0
Comments
sign in to comment!
No comments posted yet!